 Dungeon Crawl Stone Soup version 0.22.1-1-ga44c0e5 (webtiles) character file.

742 brandon the Basher (level 7, -1/61 HPs)
             Began as a Minotaur Berserker on Oct 1, 2018.
             Was a Priest of Trog.
             Killed from afar by an electric eel (4 damage)
             ... with a bolt of electricity
             ... on level 4 of the Dungeon.
             The game lasted 00:08:14 (4190 turns).

brandon the Basher (Minotaur Berserker)             Turns: 4190, Time: 00:08:16

Health: -1/61      AC: 10    Str: 21    XL:     7   Next: 47%
Magic:  6/6        EV:  9    Int:  4    God:    Trog [***...]
Gold:   187        SH:  0    Dex: 12    Spells: 6/6 levels left

rFire    . . .     SeeInvis .   t - +1 flail (protect)
rCold    . . .     Gourm    .   (no shield)
rNeg     . . .     Faith    .   u - +0 chain mail
rPois    .         Spirit   .   (helmet restricted)
rElec    .         Reflect  .   (no cloak)
rCorr    .         Harm     .   i - +0 pair of gloves
MR       .....                  (no boots)
Stlth    ..........             (no amulet)
HPRegen  0.20/turn              (no ring)
MPRegen  0.10/turn              (no ring)

@: very slow
A: retaliatory headbutt, horns 2
a: Berserk, Trog's Hand, Renounce Religion


You were on level 4 of the Dungeon.
You worshipped Trog.
Trog was most pleased with you.
You were not hungry.

You visited 1 branch of the dungeon, and saw 4 of its levels.

You collected 187 gold pieces.

Inventory:

Hand Weapons
 t - a +1 flail of protection (weapon)
Armour
 i - a +0 pair of gloves (worn)
 u - a +0 chain mail (worn)
Jewellery
 p - an uncursed amulet of harm {unknown}
Wands
 a - a wand of polymorph (15)
 r - a wand of flame (57)
Scrolls
 b - a scroll of fog {unknown}
 d - 2 scrolls of remove curse
 f - 3 scrolls of teleportation {unknown}
 o - a scroll of immolation {unknown}
 q - a scroll of amnesia {unknown}
 s - 2 scrolls of identify {unknown}
Potions
 e - a potion of haste {unknown}
 g - 2 potions of brilliance {unknown}
 h - a potion of degeneration {unknown}
 j - a potion of flight {unknown}
 k - a potion of lignification {unknown}
 l - a potion of heal wounds {unknown}
 m - 2 potions of curing {unknown}
 n - a potion of might {unknown}
 v - 2 potions of resistance {unknown}
Comestibles
 c - 9 rations


   Skills:
 + Level 5.6 Fighting
 * Level 8.5 Maces & Flails
 + Level 3.3 Armour
 + Level 3.3 Dodging
 + Level 1.6 Stealth


You had 6 spell levels left.
You didn't know any spells.
Your spell library was empty.

Dungeon Overview and Level Annotations

Branches:
Dungeon (4/15)
 Temple: D:4-7

Altars:
Gozag
Makhleb
Nemelex Xobeh
Qazlal
Trog

Annotations:
D:4 1 transporter


Innate Abilities, Weirdness & Mutations

You reflexively headbutt those who attack you in melee.
You have a pair of horns on your head.


Message History

The electric eel shoots out a bolt of lightning at you!
The bolt of electricity hits you!
You enter the shallow water.
Moving in this stuff is going to be slow.
The electric eel shoots out a bolt of lightning at you!
The bolt of electricity hits you!
* * * LOW HITPOINT WARNING * * *
The bolt of electricity hits you!
* * * LOW HITPOINT WARNING * * *
There are monsters nearby!
There are monsters nearby!
There are monsters nearby!
There are monsters nearby!
There are monsters nearby!
There are monsters nearby!
There are monsters nearby!
There are monsters nearby!
The electric eel shoots out a bolt of lightning at you!
The bolt of electricity misses you. The bolt of electricity hits you!
You die...

#####################
#...................#
....###############.#
....#8P#≈≈≈≈≈;;#P8#.##
....#..#.....$.#..#..##
...©#©)+...⌠...'.©#©..#
...)#..#.......#..#...#
....#8P#≈≈≈≈≈≈;#@8#.#.#
....###############.#.#
....................#.#
>....###############..#
.....# ##.## .....#
#..# <....# #.## ....##
#.# ....# #.#


You could see 3 electric eels.

Vanquished Creatures
  A phantom (D:4)
  An ogre (D:4)
  3 scorpions (D:4)
  A crimson imp (D:2)
  2 hounds (D:4)
  An orc priest (D:4)
  2 orc wizards
  Terence (D:3)
  An iguana (D:4)
  A worker ant (D:4)
  Robin (D:2)
  5 adders
  6 worms
  A dart slug (D:1)
  3 leopard geckos
  4 orcs
  4 ball pythons
  9 bats
  7 giant cockroaches
  9 hobgoblins
  8 jackals
  3 quokkas
  2 frilled lizards
  14 goblins
  6 kobolds
  A leopard gecko skeleton (D:4)
  7 rats
  A plant (D:4)
105 creatures vanquished.

Notes
Turn   | Place    | Note
-------+----------+-------------------------------------------
     0 | D:1      | brandon the Minotaur Berserker began the quest for the Orb.
     0 | D:1      | Reached XP level 1. HP: 19/19 MP: 0/0
    30 | D:1      | Reached XP level 2. HP: 26/27 MP: 1/1
    76 | D:1      | Reached skill level 4 in Maces & Flails
   297 | D:1      | Reached ** piety under Trog
   297 | D:1      | Reached XP level 3. HP: 31/33 MP: 2/2
   701 | D:2      | Found a stormy altar of Qazlal.
   871 | D:2      | Found a burning altar of Makhleb.
   882 | D:2      | Reached skill level 5 in Maces & Flails
   882 | D:2      | Reached XP level 4. HP: 34/41 MP: 3/3
  1033 | D:2      | Noticed Robin
  1041 | D:2      | Killed Robin
  1489 | D:2      | Found a stormy altar of Qazlal.
  1696 | D:3      | Reached XP level 5. HP: 22/47 MP: 4/4
  1940 | D:3      | Reached *** piety under Trog
  1940 | D:3      | Reached skill level 6 in Maces & Flails
  2592 | D:3      | Noticed Terence
  2612 | D:3      | Killed Terence
  3038 | D:3      | Found a sparkling altar of Nemelex Xobeh.
  3161 | D:4      | Found a transporter.
  3167 | D:4      | Reached skill level 1 in Stealth
  3184 | D:4      | Reached XP level 6. HP: 41/55 MP: 5/5
  3252 | D:4      | Reached skill level 5 in Fighting
  3374 | D:4      | Found an opulent altar of Gozag.
  3449 | D:4      | Reached skill level 7 in Maces & Flails
  3471 | D:4      | Reached XP level 7. HP: 21/61 MP: 6/6
  3784 | D:4      | Reached skill level 8 in Maces & Flails
  3804 | D:4      | Found a bloodstained altar of Trog.
  4064 | D:4      | Found a transporter.
  4189 | D:4      | HP: 2/61 [electric eel/bolt of electricity (7)]
  4190 | D:4      | Killed from afar by an electric eel

Skill      XL: |  1  2  3  4  5  6  7 |
---------------+----------------------+-----
Fighting       | 4 5 |  5.6
Maces & Flails | 4 5 6 7 8 |  8.5
Stealth        | 1 |  1.6
Dodging        | 3 |  3.3
Armour         | 3 |  3.3

Action                   |  1- 3 |  4- 6 |  7- 9 || total
-------------------------+-------+-------+-------++-------
Melee: Mace              |    84 |   108 |       ||   192
       Headbutt          |    14 |    31 |    14 ||    59
       Flail             |       |    46 |    39 ||    85
Invok: Berserk           |       |     3 |       ||     3
  Use: Scroll            |       |       |     1 ||     1
  Eat: Chunk             |       |     3 |       ||     3
       Ration            |       |     2 |     1 ||     3
Armor: Animal skin       |    20 |    19 |       ||    39
       Chain mail        |       |    27 |    15 ||    42
Dodge: Dodged            |    61 |    77 |    13 ||   151
